 Dungeon Crawl Stone Soup version 0.20.1-1-g8b1a95d66d (webtiles) character file.

4733 Viss the Grappler (level 10, 0/94 HPs)
             Began as a Troll Berserker on June 9, 2018.
             Was an Elder of Trog.
             Slain by a spiny frog (7 damage)
             ... on level 1 of the Lair of Beasts.
             The game lasted 01:02:42 (5827 turns).

Viss the Grappler (Troll Berserker)                 Turns: 5827, Time: 01:02:43

Health: 0/94       AC:  6    Str: 30    XL:     10   Next: 22%
Magic:  8/8        EV: 10    Int:  8    God:    Trog [****..]
Gold:   353        SH:  9    Dex:  9    Spells: 9/9 levels left

rFire    + . .     SeeInvis .     - Unarmed
rCold    . . .     Gourm    +   y - +0 shield
rNeg     . . .     Faith    .   G - +1 robe {rF+}
rPois    .         Spirit   .   (helmet restricted)
rElec    .         Reflect  .   (no cloak)
rCorr    .         Harm     .   (gloves unavailable)
MR       +....     Rnd*Tele +   (boots unavailable)
Stlth    ++........             (no amulet)
Regen    0.7/turn               J - ring of flight
MPRegen  0.2/turn               A - ring of protection from magic

@: brilliant, lethally poisoned (0 -> -6)
A: unfitting armour, claws 3, fast metabolism 3, gourmand, low mp 1,
regeneration 1, shaggy fur 1, teleportitis 1, tough skin 2, wild magic 1
a: Berserk, Trog's Hand, Brothers in Arms, Burn Spellbooks, Renounce Religion,
Evoke Flight


You were on level 1 of the Lair of Beasts.
You worshipped Trog.
Trog was greatly pleased with you.
You were very full.

You visited 3 branches of the dungeon, and saw 10 of its levels.

You collected 416 gold pieces.
You spent 63 gold pieces at shops.

Inventory:

Hand Weapons
 e - a cursed +0 long sword
 i - a +0 hunting sling
 k - a +0 dagger
 C - a cursed -3 whip
 L - a +0 giant spiked club
Missiles
 h - 11 poisoned needles
 D - 10 tomahawks (quivered)
Armour
 a - a +0 animal skin
 d - a +0 pair of gloves
 f - a +0 helmet
 l - a -1 robe
 o - a +0 leather armour
 p - a +0 chain mail
 s - a +0 pair of gloves of archery
 v - a +0 ring mail
 y - a +0 shield (worn)
 G - a +1 robe of fire resistance (worn)
 K - a +0 pair of boots
Jewellery
 q - an uncursed ring of protection from cold
 x - an uncursed ring of ice {unknown}
 A - a ring of protection from magic (right claw)
 J - a ring of flight (left claw)
Wands
 m - a wand of disintegration (14/24)
 n - a wand of polymorph (9/24)
 w - a wand of confusion (11/48)
 B - a wand of digging (15/24)
 F - a wand of polymorph (12/24)
 M - a wand of disintegration (16/24)
Scrolls
 c - 3 scrolls of blinking
 g - 3 scrolls of enchant weapon
 r - 4 scrolls of immolation
 t - 2 scrolls of remove curse
 u - 2 scrolls of magic mapping
Potions
 E - a potion of degeneration
Comestibles
 b - 6 bread rations
 j - an inedible chunk of flesh
 z - 3 fruits
 I - 2 royal jellies
 N - 2 meat rations


   Skills:
 + Level 4.4 Fighting
 + Level 0.5 Throwing
 + Level 6.1 Dodging
 + Level 2.3 Stealth
 + Level 3.7 Shields
 + Level 11.2 Unarmed Combat


You had 9 spell levels left.
You didn't know any spells.

Dungeon Overview and Level Annotations

Branches:
Dungeon (8/15)             Temple (1/1) D:7            Lair (1/6) D:8

Altars:
Ashenzari
Cheibriados
Dithmenos
Elyvilon
Fedhas
Gozag
Hepliaklqana
Kikubaaqudgha
Nemelex Xobeh
Okawaru
Qazlal
Ru
Sif Muna
Trog
Uskayaw

Shops:
D:5 [*:*


Innate Abilities, Weirdness & Mutations

You are too large for most types of armour.
You have claws for hands.
Your metabolism is lightning-fast.
You like to eat raw meat.
Your natural rate of healing is unusually fast.
You are covered in fur. (AC +1)
You have very tough skin. (AC +2)
Your magical capacity is low. (-10% MP)
You are occasionally teleported next to monsters.
Your spells are a little harder to cast, but a little more powerful.


Message History

You feel sick. The spiny frog stings you!
* * * LOW HITPOINT WARNING * * *
It was a potion of mutation.
You feel extremely strange.
You feel weirdly uncertain.
You feel less energetic.
You feel less in control of your magic.
* * * LOW HITPOINT WARNING * * *
You feel sick. You block the spiny frog's attack.
The spiny frog barely misses you.
You fail to use your ability.
* * * LOW HITPOINT WARNING * * *
You feel sick. You block the spiny frog's attack.
You scratch the spiny frog but do no damage.
The spiny frog is severely wounded.
* * * LOW HITPOINT WARNING * * *
You feel sick. You block the spiny frog's attack.
You closely miss the spiny frog.
The spiny frog is severely wounded.
* * * LOW HITPOINT WARNING * * *
You feel sick. The spiny frog stings you!
You die...

#.## #. #.. #.# #.#
###..#####.#############
........................
..............#####.P###
.............## #.##
.............# #.#
......F@.†...# #..
........?....# #..
)................ ....
##.#...#########. .### #
###. #. #. #.


You could see a spiny frog.

Vanquished Creatures
  A two-headed ogre (D:8)
  The ghost of Xenomina the Poker, a novice DgGl (D:5)
  2 black mambas (Lair:1)
  A komodo dragon (Lair:1)
  A hippogriff (D:7)
  Eustachio (D:6)
  A water moccasin (Lair:1)
  A porcupine (Lair:1)
  An orc warrior (D:5)
  A sky beast (D:6)
  A phantom (D:7)
  3 ogres (D:7)
  2 centaurs
  A crocodile (Lair:1)
  2 bullfrogs
  A water moccasin zombie (D:6)
  3 scorpions
  The ghost of sophiamann the Skirmisher, a weakling DrWn of Okawaru (D:4)
  5 killer bees (D:7)
  2 howler monkeys
  5 crimson imps
  A quasit (D:8)
  A bullfrog skeleton (D:5)
  A hound (D:4)
  A jelly (D:5)
  5 orc wizards
  2 iguanas
  Terence (D:3)
  5 worker ants
  A hound zombie (D:6)
  12 adders
  A shadow imp (D:5)
  An adder skeleton (D:7)
  3 worms
  5 leopard geckos
  8 orcs
  2 ball pythons
  14 giant cockroaches
  2 goblins (D:3)
  4 hobgoblins
  3 jackals (D:4)
  2 quokkas
  4 bats
  9 frilled lizards
  2 kobolds
  A leopard gecko skeleton (D:5)
  A quokka skeleton (D:4)
  5 rats (D:3)
  A bush (Lair:1)
  2 fungi (Lair:1)
  A plant (Lair:1)
138 creatures vanquished.

Notes
Turn   | Place    | Note
-------+----------+-------------------------------------------
     0 | D:1      | Viss the Troll Berserker began the quest for the Orb.
     0 | D:1      | Reached XP level 1. HP: 22/22 MP: 0/0
     6 | D:1      | Noticed a water moccasin
     6 | D:1      | Noticed a hog
     6 | D:1      | Noticed a killer bee
     7 | D:1      | Noticed a swamp drake
     7 | D:1      | Noticed a black bear
   191 | D:2      | Reached XP level 2. HP: 29/29 MP: 1/1
   243 | D:2      | Found a faded altar of an unknown god.
   243 | D:2      | Found a snail-covered altar of Cheibriados.
   251 | D:2      | Found a faded altar of an unknown god.
   260 | D:2      | Found an opulent altar of Gozag.
   263 | D:2      | Found a white marble altar of Elyvilon.
   486 | D:2      | Found a sacrificial altar of Ru.
   495 | D:2      | Reached XP level 3. HP: 28/36 MP: 2/2
  1037 | D:3      | Reached XP level 4. HP: 44/45 MP: 3/3
  1044 | D:3      | Reached ** piety under Trog
  1063 | D:3      | Noticed Terence
  1074 | D:3      | Killed Terence
  1074 | D:3      | Reached skill level 4 in Unarmed Combat
  1276 | D:3      | Reached XP level 5. HP: 52/53 MP: 4/4
  1634 | D:4      | Noticed sophiamann's ghost (weakling DrWn)
  1648 | D:4      | Killed sophiamann's ghost
  1747 | D:4      | Reached skill level 5 in Unarmed Combat
  1833 | D:4      | Reached XP level 6. HP: 54/61 MP: 5/5
  2058 | D:4      | Found a shattered altar of Ashenzari.
  2233 | D:4      | Found a bloodstained altar of Trog.
  2502 | D:5      | Entered Level 5 of the Dungeon
  2584 | D:5      | Reached skill level 1 in Stealth
  2621 | D:5      | Noticed Xenomina's ghost (novice DgGl)
  2631 | D:5      | Killed Xenomina's ghost
  2631 | D:5      | Reached skill level 7 in Unarmed Combat
  2631 | D:5      | Reached XP level 7. HP: 64/67 MP: 6/6
  2667 | D:5      | Found Paodeos's Antique Armour Emporium.
  2701 | D:5      | Found Ifeil's General Store.
  2713 | D:5      | Bought a +0 shield for 63 gold pieces
  2765 | D:5      | Reached XP level 8. HP: 76/76 MP: 7/7
  2770 | D:5      | Reached *** piety under Trog
  2841 | D:5      | Found Nocab's Book Emporium.
  3037 | D:5      | Reached skill level 8 in Unarmed Combat
  3632 | D:5      | Found Namienk's General Store.
  3678 | D:6      | Noticed a dagger
  3679 | D:6      | Found a hide-covered altar of Uskayaw.
  3679 | D:6      | Noticed a hand axe
  3778 | D:6      | Noticed Eustachio
  3798 | D:6      | Killed Eustachio
  3798 | D:6      | Reached skill level 5 in Dodging
  3899 | D:6      | Reached skill level 1 in Shields
  3899 | D:6      | Reached skill level 9 in Unarmed Combat
  4290 | D:7      | Reached XP level 9. HP: 58/84 MP: 8/8
  4641 | D:7      | Reached **** piety under Trog
  4641 | D:7      | Reached skill level 10 in Unarmed Combat
  4702 | D:7      | Found a staircase to the Ecumenical Temple.
  4764 | Temple   | Entered the Ecumenical Temple
  5154 | D:8      | Found an iron altar of Okawaru.
  5186 | D:8      | Noticed a two-headed ogre
  5192 | D:8      | Killed a two-headed ogre
  5410 | D:8      | Found a shadowy altar of Dithmenos.
  5432 | D:8      | Found a staircase to the Lair.
  5443 | Lair:1   | Entered Level 1 of the Lair of Beasts
  5730 | Lair:1   | Noticed a komodo dragon
  5736 | Lair:1   | Killed a komodo dragon
  5736 | Lair:1   | Reached XP level 10. HP: 53/94 MP: 9/9
  5772 | Lair:1   | Noticed a black mamba
  5776 | Lair:1   | Killed a black mamba
  5776 | Lair:1   | Reached skill level 11 in Unarmed Combat
  5798 | Lair:1   | Noticed a black mamba
  5803 | Lair:1   | Noticed a spiny frog
  5814 | Lair:1   | Killed a black mamba
  5824 | Lair:1   | Gained mutation: You are occasionally teleported next to monsters. [potion of mutation]
  5824 | Lair:1   | Gained mutation: Your magical capacity is low. (-10% MP) [potion of mutation]
  5824 | Lair:1   | Gained mutation: Your spells are a little harder to cast, but a little more powerful. [potion of mutation]
  5827 | Lair:1   | Slain by a spiny frog

Skill      XL: |  1  2  3  4  5  6  7  8  9 10 |
---------------+-------------------------------+-----
Dodging        | 3 4 5 6 |  6.1
Fighting       | 3 4 |  4.4
Unarmed Combat | 4 5 7 9 10 11 | 11.2
Stealth        | 1 2 |  2.3
Shields        | 1 3 |  3.7
Throwing       | |  0.5

Action                   |  1- 3 |  4- 6 |  7- 9 | 10-12 || total
-------------------------+-------+-------+-------+-------++-------
Melee: Unarmed           |    54 |   146 |   245 |    17 ||   462
       Punch             |     1 |     2 |       |       ||     3
Throw: Tomahawk          |       |       |     2 |       ||     2
Invok: Berserk           |     1 |     3 |     3 |       ||     7
       Trog's Hand       |       |     1 |       |       ||     1
Evoke: Wand              |       |       |     1 |       ||     1
  Use: Scroll            |       |     8 |    10 |       ||    18
       Potion            |       |     1 |     6 |     3 ||    10
 Stab: Paralysed         |     1 |       |       |       ||     1
  Eat: Chunk             |    14 |    16 |    24 |       ||    54
       Royal jelly       |     1 |       |       |       ||     1
       Meat ration       |       |       |     3 |       ||     3
       Bread ration      |       |       |     1 |       ||     1
Armor: Animal skin       |    13 |    39 |    32 |       ||    84
       Robe              |       |       |    22 |     3 ||    25
       Skin              |       |       |     1 |       ||     1
Dodge: Dodged            |    20 |    72 |    64 |     5 ||   161
Block: Shield            |       |       |    75 |     9 ||    84
